AoeStats
← Elpablicito1

African Clearing

510354522Analyzed
2v2 RM · 2d ago on Sep 30, 2026· 47m 22s· 4 players
Game mode
Random Map
Map size
Medium (4 player)
Population
200
Speed
Normal
Resources
Standard
Victory
Conquest
Starting age
Dark Age
Ending age
Imperial Age
RankedLock teamsTeams togetherTeam positionsShared explorationLock speedFull tech treeHidden civsTurbo modeCheats
Victory
Defeat
🇬🇧 Mongols · United Kingdom
934
+15
🇬🇧 Vietnamese · United Kingdom
851
+18
🇮🇶 Bulgarians · Iraq
940
-18
🇦🇷 Byzantines · Argentina
859
-32
Elpablicito1
3:53 Loom
16:46 Feudal Age
17:22 Double-Bit Axe
20:55 Arson
21:53 Horse Collar
26:00 Wheelbarrow
25:42 Gold Mining
31:07 Castle Age
29:43 Scale Mail Armor
30:22 Town Watch
32:12 Fletching
32:57 Squires
38:32 Bow Saw
43:10 Padded Archer Armor
45:53 Heavy Plow
45:34 Man-at-Arms
Johnny Nutmeg
8:01 Loom
11:50 Feudal Age
12:44 Double-Bit Axe
15:07 Horse Collar
16:45 Forging
16:56 Bloodlines
18:38 Wheelbarrow
18:35 Scale Barding Armor
27:06 Castle Age
26:26 Padded Archer Armor
26:16 Fletching
27:16 Light Cavalry
27:57 Husbandry
29:04 Chain Barding Armor
29:07 Bow Saw
28:59 Heavy Plow
34:46 Bodkin Arrow
40:03 Imperial Age
38:26 Iron Casting
38:55 Thumb Ring
39:46 Ballistics
41:06 Bracer
42:04 Conscription
43:20 Blast Furnace
43:41 Elite Mangudai
47:39 Leather Archer Armor
47:04 Elite Steppe Lancer
gerardosaa32
4:22 Loom
13:56 Feudal Age
16:11 Wheelbarrow
17:14 Horse Collar
18:28 Double-Bit Axe
29:35 Castle Age
28:13 Stone Mining
31:01 Gold Mining
33:11 Scale Barding Armor
38:12 Forging
40:02 Heavy Plow
40:35 Husbandry
44:53 Imperial Age
aryaszahir958
3:30 Loom
5:10 Loom
13:09 Feudal Age
14:32 Double-Bit Axe
19:25 Horse Collar
26:24 Castle Age
27:14 Fletching
38:41 Husbandry
39:55 Wheelbarrow
38:44 Pikeman
Connection lost

Rejoining the realm…

Still unreachable

The connection could not be restored.

Session expired

The server has moved on; the page needs a fresh start.